 Seeded DCSS version 0.29.1-4-g47bece8355 (webtiles) character file.

Game seed: 1 (custom seed)

79 Kazon the Slasher (level 4, -4/38 HPs)
             Began as a Barachi Berserker on Dec 5, 2022.
             Was a Believer of Trog.
             Slain by a gnoll
             ... wielding a +0 halberd
              (7 damage)
             ... on level 2 of the Dungeon.
             The game lasted 00:06:01 (1209 turns).

Kazon the Slasher (Barachi Berserker)               Turns: 1209, Time: 00:06:01

Health: -4/38      AC:  6    Str: 18    XL:     4   Next: 37%
Magic:  4/4        EV: 12    Int:  8    God:    Trog [**....]
Gold:   167        SH:  0    Dex: 13    Spells: 3/3 levels left

rFire   + . .      SeeInvis .   e - +2 dagger (venom)
rCold   . . .      Faith    .   (no shield)
rNeg    . . .      Spirit   .   b - +0 animal skin
rPois   .          Reflect  .   i - +0 helmet
rElec   .          Harm     .   (no cloak)
rCorr   .          Rampage  .   (no gloves)
Will    .....                   l - +2 pair of boots
Stlth   +.........              c - amulet "Tosoeh" {rF+ Regen+}
HPRegen 0.92/turn               (no ring)
MPRegen 0.09/turn               (no ring)

@: slow
A: amphibious, slowness 1, strong legs 1, +LOS
a: Hop, Renounce Religion, Berserk, Trog's Hand


You were on level 2 of the Dungeon.
You worshipped Trog.
Trog was pleased with you.
You visited 1 branch of the dungeon, and saw 2 of its levels.

You collected 167 gold pieces.

Inventory:

Hand Weapons
 a - a +0 falchion
 e - a +2 dagger of venom (weapon)
Missiles
 g - 8 stones (quivered)
 j - 3 boomerangs
Armour
 b - a +0 animal skin (worn)
 i - a +0 helmet (worn)
 l - a +2 pair of boots (worn)
Jewellery
 c - the amulet "Tosoeh" (around neck) {rF+ Regen+}
   (You acquired it on level 1 of the Dungeon)

   [amulet of regeneration]

   rF:        It protects you from fire.
   Regen:     It increases your rate of health regeneration.
Scrolls
 h - a scroll of identify {unknown}
 m - a scroll of immolation {unknown}
Potions
 d - a potion of haste {unknown}
 f - a potion of attraction {unknown}
 k - a potion of berserk rage {unknown}
 n - a potion of flight {unknown}


   Skills:
 + Level 4.3 Fighting
 + Level 0.3(2.6) Short Blades
 + Level 4.6(4.7) Long Blades
 * Level 0.8 Throwing
 + Level 2.5 Armour
 + Level 2.9 Dodging
 + Level 0.4 Stealth


You had 3 spell levels left.
You didn't know any spells.
Your spell library was empty.

Dungeon Overview and Level Annotations

Branches:
Dungeon (2/15)

Altars:


Innate Abilities, Weirdness & Mutations

You are amphibious.
You cover ground slowly.
You can hop short distances.
You have an extended range of vision and can be seen from far away.


Message History

The adder is heavily wounded.
The adder bites you but does no damage.
You hit the adder.
You kill the adder!
Trog accepts your kill.
You kill the gnoll!
Trog accepts your kill.
The gnoll hits you from afar with a +0 halberd!
* * * LOW HITPOINT WARNING * * *
The kobold barely misses you.
The gnoll hits you from afar with a +0 halberd.
* * * LOW HITPOINT WARNING * * *
The kobold hits you with a +0 dagger.
* * * LOW HITPOINT WARNING * * *
Things that are here:
a +0 whip; an adder corpse The kobold attacks as you move away!
The kobold hits you but does no damage. The kobold barely misses you.
The kobold attacks as you move away! The kobold hits you but does no damage.
The kobold hits you with a +0 dagger.
* * * LOW HITPOINT WARNING * * *
There is a stone staircase leading down, spattered with blood here.
You hit the kobold but do no damage.
The kobold is poisoned.
You kill the kobold!
Trog accepts your kill. The gnoll hits you with a +0 halberd!
* * * LOW HITPOINT WARNING * * *
The gnoll hits you with a +0 halberd.
* * * LOW HITPOINT WARNING * * *
Things that are here:
a +0 dagger; 13 gold pieces You hit the gnoll.
The gnoll is poisoned.
The gnoll is moderately wounded.
You closely miss the gnoll.
The gnoll is moderately wounded.
The gnoll barely misses you.
You hit the gnoll.
The gnoll looks as sick as possible!
The gnoll is severely wounded.
The gnoll hits you with a +0 halberd!
You die...

#.# #.########.#
#.# #..........#
..# #...########
########## ###.#
.......... #.#
†.....# # #.#
#####.# ##.###.#
....#># #. #.
#.#.#@# #..#.
#.#.#g#
#..#.###...#.#
#.....? #..#.#
##......##..#.##
.........#.)...#
##.......#.....#
..(......#.....#
#.##.#.....#


You could see a gnoll (extremely poisoned).

Vanquished Creatures
  2 gnolls (D:2)
  2 adders (D:2)
  A worm (D:2)
  7 endoplasms
  A giant cockroach (D:1)
  7 goblins
  4 hobgoblins
  3 kobolds
  A quokka (D:1)
  2 ball pythons (D:2)
  2 bats
  2 frilled lizards (D:2)
  3 rats (D:1)
37 creatures vanquished.

Notes
Turn   | Place    | Note
-------+----------+-------------------------------------------
     0 | D:1      | Kazon the Barachi Berserker began the quest for the Orb.
     0 | D:1      | Reached XP level 1. HP: 18/18 MP: 1/1
    33 | D:1      | Identified a scroll of acquirement
    33 | D:1      | Acquired the amulet "Tosoeh" {rF+ Regen+}
   139 | D:1      | Reached XP level 2. HP: 25/25 MP: 2/2
   698 | D:2      | Reached XP level 3. HP: 30/30 MP: 3/3
  1114 | D:2      | Reached ** piety under Trog
  1190 | D:2      | Reached XP level 4. HP: 13/37 MP: 4/4
  1194 | D:2      | HP: 1/38 [kobold/+0 dagger (3)]
  1206 | D:2      | HP: 1/38 [gnoll/+0 halberd (4)]
  1209 | D:2      | Slain by a gnoll

Illustrated notes

Levels and vault maps discovered:
D:1:      dpeg_arrival_three_smaller_balls, layout_basic
D:2:      layout_loops_ring

Skill      XL: |  1  2 |
---------------+-------+-----
Long Blades    | 4 |  4.6
Fighting       | 4 |  4.3
Short Blades   | |  0.3
Throwing       | |  0.8
Armour         | |  2.5
Dodging        | |  2.9
Stealth        | |  0.4

Action                   |  1- 3 |  4- 6 || total
-------------------------+-------+-------++-------
Melee: Falchion          |   125 |       ||   125
       Punch             |     1 |       ||     1
       Dagger            |    10 |     8 ||    18
Throw: Stone             |     4 |       ||     4
Invok: Berserk           |     1 |       ||     1
  Use: Scroll            |     1 |       ||     1
 Stab: Sleeping          |     3 |       ||     3
Armor: Animal skin       |    24 |     4 ||    28
Dodge: Dodged            |    97 |     3 ||   100
